 Dungeon Crawl Stone Soup version 0.18-a0-1109-gfc003ac (webtiles) character file.

4056 4thArraOfDagon the Cleaver (level 10, -3/90 (91) HPs)
             Began as a Hill Orc Berserker on Jan 16, 2016.
             Was a Believer of Trog.
             Slain by a brown ugly thing (6 damage)
             ... on level 11 of the Dungeon.
             The game lasted 00:09:32 (1704 turns).

4thArraOfDagon the Cleaver (Hill Orc Berserker)     Turns: 1704, Time: 00:09:32

HP:   -3/90 (91)    AC: 13    Str: 24    XL:     10   Next: 25%
MP:   10/10         EV:  9    Int:  7    God:    Trog [**....]
Gold: 136           SH:  0    Dex: 10    Spells: 0 memorised, 9 levels left

rFire  . . .     SeeInvis .     a - +0 hand axe
rCold  + . .     Gourm    .     q - +4 chain mail {rC+}
rNeg   . . .     Faith    .     (no shield)
rPois  .         Spirit   .     (no helmet)
rElec  .         Dismiss  .     (no cloak)
rCorr  .         Reflect  .     k - +0 pair of gloves
SustAt .         Harm     .     d - +0 pair of boots
MR     .....                    (no amulet)
Stlth  ..........               (no ring)
                                (no ring)

@: lethally poisoned (-3 -> -4), exhausted, corroded equipment, slowed, very
slow, not resistant to hostile enchantments, extremely unstealthy
A: no striking features
a: Berserk, Trog's Hand, Burn Spellbooks, Renounce Religion


You were on level 11 of the Dungeon.
You worshipped Trog.
Trog was pleased with you.
You were very hungry.

You visited 1 branch of the dungeon, and saw 11 of its levels.

You collected 136 gold pieces.

Inventory:

Hand Weapons
 a - a +0 hand axe (weapon)
 i - a +0 morningstar of protection
 n - the +6 shortbow "Zausoj" {venom, rC+ rN+++ MR+ Str-2, unknown}
   (You found it on level 9 of the Dungeon)

   It poisons the ammo it fires.
   It affects your strength (-2).
   It protects you from cold.
   It renders you almost immune to negative energy.
   It affects your resistance to hostile enchantments.
Armour
 d - a +0 pair of boots (worn)
 k - a +0 pair of gloves (worn)
 q - a +4 chain mail of cold resistance (worn)
 r - a +0 plate armour
 s - a +2 ring mail of cold resistance
 u - a +2 scale mail of cold resistance
Wands
 l - a wand of paralysis (0/24)
 w - a wand of disintegration (9/24)
Potions
 b - a potion of brilliance {unknown}
 g - a potion of agility {unknown}
 h - a potion of magic {unknown}
 m - a potion of beneficial mutation {unknown}
 o - a potion of curing {unknown}
 p - 2 potions of poison {unknown}
 v - 2 potions of heal wounds {unknown}
Miscellaneous
 t - a piece from Xom's chessboard
Comestibles
 c - a bread ration
 f - 11 chunks of flesh
 j - 3 fruits


   Skills:
 + Level 9.5 Fighting
 * Level 13.3 Axes
 + Level 8.3 Armour
 - Level 1.5 Dodging


You had 9 spell levels left.
You didn't know any spells.

Dungeon Overview and Level Annotations

Branches:
Dungeon (11/15)            Temple (0/1) D:6             Orc (0/2) D:11
   Lair: D:8-11

Altars:
Cheibriados
Dithmenos
Fedhas
Kikubaaqudgha
Ru
Yredelemnul

Annotations:
D:9 gorblad's ghost, novice MiFi
D:10 Sonja


Message History

Zapping:
w - a wand of disintegration (11/24)
Press: ? - help, Shift-Dir - straight line, f/p - brown ugly thing
Aim: a brown ugly thing (severely wounded, chance to defeat MR: 48%)
The brown ugly thing resists with some effort.
This wand has 10 charges left.
The brown ugly thing headbutts you but does no damage.
Unknown command.
Unknown command.
Evoke which item? (* to show all) (? for menu, Esc to quit)
Zapping:
w - a wand of disintegration (10/24)
Press: ? - help, Shift-Dir - straight line, f/p - brown ugly thing
Aim: a brown ugly thing (heavily wounded, chance to defeat MR: 48%)
The brown ugly thing resists with some effort.
This wand has 9 charges left.
You feel sick. The brown ugly thing headbutts you!
* * * LOW HITPOINT WARNING * * *
You are splashed with acid!
The acid burns!
* * * LOW HITPOINT WARNING * * *
The brown ugly thing headbutts you.
You die...

################
#.......<.......
#...............
#.....†.........
#.%...††.#+#.>#.
#......@.# .#
#......u.# #
#.....%..#
#........#
#........#
#####....#
#....# #....#


You could see a brown ugly thing.

Vanquished Creatures
  Maud (D:10)
  An unseen horror (D:9)
  A black bear (D:9)
  2 orc warriors
  2 phantoms
  A necrophage (D:10)
  An ogre (D:9)
  3 giant frogs
  2 scorpions
  5 killer bees (D:11)
  2 crimson imps
  A quasit (D:10)
  5 hounds
  3 jellies
  A centaur zombie (D:9)
  7 orc priests
  3 centaur skeletons
  2 iguanas
  10 orc wizards
  4 worker ants
  A hound skeleton (D:8)
  3 adders
  5 oozes
  An adder skeleton (D:5)
  18 orcs
  3 giant cockroaches
  2 goblins (D:3)
  3 jackals
  2 giant newts
  3 rats (D:1)
98 creatures vanquished.

Vanquished Creatures (others)
  An orc wizard (D:6)
1 creature vanquished.

Grand Total: 99 creatures vanquished

Notes
Turn   | Place    | Note
--------------------------------------------------------------
     0 | D:1      | 4thArraOfDagon the Hill Orc Berserker began the quest for the Orb.
     0 | D:1      | Reached XP level 1. HP: 19/19 MP: 1/1
     1 | D:1      | Found a runed door.
     7 | D:1      | Noticed a jelly
    24 | D:1      | Reached XP level 2. HP: 27/27 MP: 2/2
    33 | D:1      | Reached XP level 3. HP: 33/33 MP: 3/3
    36 | D:1      | Reached skill level 5 in Axes
    82 | D:2      | Reached XP level 4. HP: 35/40 MP: 4/4
   152 | D:3      | Reached ** piety under Trog
   258 | D:4      | Reached skill level 6 in Axes
   258 | D:4      | Reached XP level 5. HP: 47/47 MP: 5/5
   314 | D:4      | Found a blossoming altar of Fedhas.
   364 | D:5      | Entered Level 5 of the Dungeon
   370 | D:5      | Noticed a phantom
   383 | D:5      | Reached XP level 6. HP: 55/55 MP: 6/6
   383 | D:5      | Reached skill level 5 in Fighting
   394 | D:5      | Killed a phantom
   394 | D:5      | Reached skill level 7 in Axes
   437 | D:4      | Found an ancient bone altar of Kikubaaqudgha.
   482 | D:4      | Reached XP level 7. HP: 58/61 MP: 7/7
   569 | D:5      | Found a snail-covered altar of Cheibriados.
   699 | D:6      | Reached skill level 8 in Axes
   757 | D:6      | Found a staircase to the Ecumenical Temple.
   853 | D:6      | Reached skill level 5 in Armour
   890 | D:7      | Found a sacrificial altar of Ru.
   897 | D:7      | Reached skill level 9 in Axes
   900 | D:7      | Reached XP level 8. HP: 46/70 MP: 8/8
   937 | D:7      | Reached *** piety under Trog
  1011 | D:7      | Found a shadowy altar of Dithmenos.
  1058 | D:8      | Reached skill level 10 in Axes
  1165 | D:9      | Found a basalt altar of Yredelemnul.
  1244 | D:9      | Reached XP level 9. HP: 30/80 MP: 9/9
  1270 | D:9      | Got a warped shortbow
  1322 | D:10     | Entered Level 10 of the Dungeon
  1343 | D:10     | Reached skill level 11 in Axes
  1354 | D:10     | Noticed Sonja
  1415 | D:9      | Killed an unseen horror
  1459 | D:9      | Noticed gorblad's ghost (novice MiFi)
  1556 | D:10     | Noticed Maud
  1594 | D:10     | Killed Maud
  1594 | D:10     | Reached skill level 13 in Axes
  1594 | D:10     | Reached XP level 10. HP: 54/90 MP: 10/10
  1667 | D:11     | Found a staircase to the Orcish Mines.
  1680 | D:11     | Noticed a brown ugly thing
  1704 | D:11     | HP: 3/90 [acid (6)]
  1704 | D:11     | Slain by a brown ugly thing

Vault maps used:
D:1:      dpeg_arrival_caged_fury
D:2:      lightli_temple_of_fire
D:3:      minmay_bisected
D:4:      kiku_gazebo_garden_becter, vehumet_statue, okawaru_ov_weapons_minmay,
          lemuel_doored_altar, first_bread
D:5:      basic_altar, minmay_misc_feat_roman
D:6:      nicolae_tso_carved_into_rock, gammafunk_temple_overflow_wave,
          minmay_temple_entry_junction2
D:7:      nicolae_ru_awakened_eye, old_standard_altar, grunt_pakellas_mercury
D:8:      grunt_temple_overflow_gold_and_silver, lemuel_coloured_pillars_altar,
          dpeg_lair_monsters, the_bakery
D:9:      kennysheep_mini
D:10:     uniq_sonja, uniq_maud
D:11:     lemuel_ogre_cave, orc_0_dummy

Action                   |  1- 3 |  4- 6 |  7- 9 | 10-12 || total
-------------------------+-------+-------+-------+-------++-------
Melee: Hand axe          |    35 |    53 |   265 |    47 ||   400
Invok: Berserk           |     2 |     5 |     7 |     1 ||    15
       Trog's Hand       |       |     2 |    12 |     2 ||    16
Evoke: Wand              |       |       |    15 |     3 ||    18
  Use: Scroll            |       |       |     5 |     1 ||     6
 Stab: Paralysed         |       |       |     4 |       ||     4
  Eat: Chunk             |       |     5 |    11 |     2 ||    18
       Beef jerky        |       |       |     1 |       ||     1
